 Dungeon Crawl Stone Soup version 0.30-a0-439-g9e77e4d916 (webtiles) character file.

Game seed: 7146683635493440864

3165 p00ps00p the Cleaver (level 9, -2/82 HPs)
             Began as a Hill Orc Fighter on Dec 11, 2022.
             Was an Initiate of Gozag.
             Slain by a sun demon (11 damage)
             ... summoned by a kobold demonologist
             ... in a bailey.
             The game lasted 00:15:39 (10304 turns).

p00ps00p the Cleaver (Hill Orc Fighter)            Turns: 10304, Time: 00:15:40

Health: -2/82      AC: 16    Str: 23    XL:     9   Next: 94%
Magic:  9/9        EV: 10    Int:  8    God:    Gozag
Gold:   1149       SH:  6    Dex: 16    Spells: 8/8 levels left

rFire   . . .      SeeInvis .    r - +1 war axe (vamp)
rCold   . . .      Faith    .    c - +0 buckler
rNeg    . . .      Spirit   .    n - +5 ring mail of Yredelemnul {Dex+6}
rPois   .          Reflect  .    e - +0 helmet
rElec   .          Harm     .    (no cloak)
rCorr   .          Rampage  .    b - +2 pair of gloves
Will    .....                    (no boots)
Stlth   +.........               (no amulet)
HPRegen 0.33/turn                (no ring)
MPRegen 0.11/turn                (no ring)

@: no status effects
A: no striking features
a: Renounce Religion, Potion Petition, Call Merchant, Bribe Branch


You were in a bailey.
You worshipped Gozag.
Gozag was most pleased with you.
You visited 2 branches of the dungeon, and saw 9 of its levels.
You also visited: Ossuary and Bailey.

You collected 1329 gold pieces.
You paid 180 gold pieces to Gozag.

Inventory:

Hand Weapons
 a - a +0 war axe
 r - a +1 vampiric war axe (weapon)
Missiles
 q - 13 poisoned darts (quivered)
Armour
 b - a +2 pair of gloves (worn)
 c - a +0 buckler (worn)
 e - a +0 helmet (worn)
 n - the +5 ring mail of Yredelemnul (worn) {Dex+6}
   (You found it on level 2 of the Dungeon)

   Dex:       It affects your dexterity (+6).
Wands
 h - a wand of flame (15)
 o - a wand of roots (9)
Scrolls
 d - 2 scrolls of enchant armour
 g - a scroll of teleportation
 p - 2 scrolls of amnesia
 u - 2 scrolls of silence
Potions
 f - 2 potions of heal wounds {unknown}
 i - a potion of berserk rage {unknown}
 j - a potion of mutation
 k - a potion of degeneration {unknown}
 l - 2 potions of brilliance
 m - 2 potions of invisibility {unknown}
 s - 3 potions of ambrosia {unknown}
 v - 4 potions of resistance
 w - a potion of attraction {unknown}
 x - 2 potions of cancellation
 z - 2 potions of magic {unknown}


   Skills:
 + Level 8.9 Fighting
 + Level 9.3 Axes
 + Level 8.1 Armour
 + Level 8.2 Shields


You had 8 spell levels left.
You didn't know any spells.
Your spell library contained the following spells:

 Spells                   Type           Power      Damage    Failure   Level
 Gell's Gravitas          Tloc           0%         N/A       94%         3
 Lesser Beckoning         Tloc           0%         N/A       94%         3
 Ozocubu's Armour         Ice            0%         N/A       94%         3
 Teleport Other           Tloc           0%         N/A       94%         3
 Ozocubu's Refrigeration  Ice            0%         4d7       100%        7


Dungeon Overview and Level Annotations

Branches:
Dungeon (8/15)             Temple (1/1) D:4         Ossuary (visited)
 Bailey (1/1)
   Lair: D:8-11

Altars:
Ashenzari
Cheibriados
Dithmenos
Elyvilon
Fedhas
Gozag
Hepliaklqana
Makhleb
Nemelex Xobeh
Okawaru
Qazlal
Sif Muna
Trog
Uskayaw
Vehumet
Wu Jian
Xom
Yredelemnul
Zin
The Shining One


Message History

You now have 1142 gold pieces (gained 5).
Things that are here:
a +0 war axe; a +0 ring mail You now have 1149 gold pieces (gained 7).
Things that are here:
a +0 hand axe; a +0 leather armour
Found a gate leading back out of this place.
No target in view!
No target in view!
No target in view!
A kobold demonologist comes into view. It is wielding a +0 war axe.
Things that are here:
a +0 hand axe; a +0 leather armour The kobold demonologist casts a spell.
The kobold demonologist mumbles some strange words.
You closely miss the iron imp.
The crimson imp picks up a beetle and eats it.
The kobold demonologist mumbles some strange words.
The sun demon hits you.
You are engulfed in flames!
The kobold demonologist hits you with a +0 war axe.
The sun demon hits you!
You are engulfed in flames!!
You slash the kobold demonologist!
You feel better.
The kobold demonologist is moderately wounded.
You barely miss the sun demon.
The kobold demonologist hits you but does no damage.
The sun demon hits you!!
* * * LOW HITPOINT WARNING * * *
You are engulfed in flames!
* * * LOW HITPOINT WARNING * * *
A gnoll comes into view. It is wielding a +0 hand axe.
The gnoll shouts!
You hit the kobold demonologist.
You feel better.
The kobold demonologist is heavily wounded.
You hit the sun demon but do no damage.
You block the kobold demonologist's attack.
The sun demon hits you.
* * * LOW HITPOINT WARNING * * *
You are engulfed in flames!
You die...
Your body crumbles into a pile of gold.

.# .# g∩~≈≈≈≈≈ .#
#.~≈≈≈≈≈ .#
##.~≈≈≈≈≈ ###
#.5≈≈≈≈≈ ..#
#5~≈≈≈ ..# #35≈
..##############K#
8.8.8.).....#).3@#
.....)#.....')...#
#############..#+#
+..# ####


You could see a sun demon (summoned), a kobold demonologist, a sixfirhy
(summoned), 2 iron imps, a gnoll and a crimson imp (summoned).

Vanquished Creatures
  An acid dragon (D:7)
  2 water moccasins
  5 orc warriors
  An ice beast (D:7)
  An ogre (D:6)
  A black bear (D:5)
  2 centaurs (D:5)
  A gnoll sergeant (D:6)
  2 bullfrogs (D:7)
  3 scorpions
  3 killer bees (D:7)
  4 howler monkeys
  6 orc priests
  A gnoll bouda (D:4)
  6 hounds
  4 jellies
  5 iguanas
  Ijyb (D:3)
  6 orc wizards
  An ogre zombie (D:4)
  9 mummies
  11 gnolls
  6 adders
  2 shadow imps
  4 worms
  2 dart slugs
  18 orcs
  7 bats
  10 endoplasms
  A giant cockroach (D:1)
  18 goblins
  8 hobgoblins
  2 jackals (D:2)
  2 quokkas (D:4)
  11 ball pythons
  3 frilled lizards (D:1)
  3 gnoll zombies
  A hobgoblin zombie (D:4)
  7 kobolds
  A kobold zombie (Ossuary)
  7 orc zombies
  9 rats
198 creatures vanquished.

Vanquished Creatures (others)
  An orc wizard (D:6)
  A worm (D:5)
2 creatures vanquished.

Grand Total: 200 creatures vanquished

Notes
Turn   | Place    | Note
-------+----------+-------------------------------------------
     0 | D:1      | p00ps00p the Hill Orc Fighter began the quest for the Orb.
     0 | D:1      | Reached XP level 1. HP: 19/19 MP: 1/1
   123 | D:1      | Reached skill level 3 in Axes
   123 | D:1      | Reached XP level 2. HP: 27/27 MP: 2/2
   443 | D:1      | Reached XP level 3. HP: 33/33 MP: 3/3
  1324 | D:2      | Reached XP level 4. HP: 40/40 MP: 4/4
  1638 | D:2      | Identified the +5 ring mail of Yredelemnul {Dex+6}
  1650 | D:2      | Found a blossoming altar of Fedhas.
  2147 | D:3      | Noticed Ijyb
  2158 | D:3      | Killed Ijyb
  2159 | D:3      | Reached skill level 4 in Axes
  2399 | D:3      | Found an iron altar of Okawaru.
  2533 | D:3      | Reached XP level 5. HP: 47/47 MP: 5/5
  2546 | D:3      | Found a stormy altar of Qazlal.
  3184 | D:4      | Found a sand-covered staircase.
  3191 | Ossuary  | Entered an ossuary
  3214 | Ossuary  | Reached skill level 5 in Fighting
  3214 | Ossuary  | Reached XP level 6. HP: 42/56 MP: 6/6
  3578 | D:4      | Found a transporter.
  3623 | D:4      | Reached skill level 5 in Axes
  3748 | D:4      | Found a staircase to the Ecumenical Temple.
  4064 | D:4      | Found a transporter.
  4788 | D:5      | Entered Level 5 of the Dungeon
  4788 | D:5      | Noticed a water moccasin
  4808 | Temple   | Entered the Ecumenical Temple
  4899 | Temple   | Became a worshipper of Gozag Ym Sagoz the Greedy
  5264 | D:4      | Reached skill level 5 in Armour
  5264 | D:4      | Reached skill level 5 in Shields
  5739 | D:4      | Reached XP level 7. HP: 61/61 MP: 7/7
  6518 | D:5      | Reached skill level 6 in Axes
  6585 | D:5      | Found a glowing golden altar of the Shining One.
  7081 | D:5      | Reached XP level 8. HP: 58/71 MP: 8/8
  8005 | D:6      | Reached skill level 7 in Axes
  8176 | D:6      | Reached XP level 9. HP: 35/79 MP: 9/9
  8410 | D:6      | Reached skill level 8 in Axes
  9140 | D:7      | HP: 3/81 [acid dragon/splash of acid (13)]
 10159 | D:8      | Reached skill level 9 in Axes
 10190 | D:8      | Found a flagged portal.
 10197 | Bailey   | Entered a bailey
 10291 | Bailey   | Noticed a kobold demonologist
 10297 | Bailey   | Noticed a sun demon
 10301 | Bailey   | Noticed a sixfirhy
 10304 | Bailey   | Slain by a sun demon

Illustrated notes

Levels and vault maps discovered:
D:1:      sevenhm_arrival_forest_fort_large_2, layout_basic
D:2:      layout_basic, basic_altar, serial_corexii_hall,
          corexii_hall_statues_x, corexii_hall_statues_x,
          corexii_hall_statues_s, chequers_hall_statues_wall_a, st_stairs_5,
          minmay_hexomino_u4
D:3:      layout_loops_cross, nicolae_qazlal_eye_of_the_storm,
          lemuel_round_altar, uniq_ijyb
D:4:      gammafunk_cloud_chamber, layout_layer_cave, minmay_temple_entry_mist,
          nicolae_ossuary_entry_giza, chequers_serial_rivers_micro_b,
          supply_closet_lemuel
D:5:      layout_cave_pools, nicolae_tso_carved_into_rock
D:6:      layout_loops_ring, kennysheep_path_1, kennysheep_opposing_triangles
D:7:      layout_gridville, nicolae_titane
D:8:      layout_loops_corners, enter_bailey_3, uniq_pikel
Temple:   minmay_temple_bridge_d
Bailey:   bailey_axe_of_yendor_kennysheep, bailey

Skill      XL: |  1  2  3  4  5  6  7  8  9 |
---------------+----------------------------+-----
Axes           | 3 4 5 6 7 9 |  9.3
Fighting       | 4 5 6 7 8 |  8.9
Armour         | 4 5 6 8 |  8.1
Shields        | 4 5 7 8 |  8.2

Action                   |  1- 3 |  4- 6 |  7- 9 || total
-------------------------+-------+-------+-------++-------
Melee: War axe           |    95 |   217 |   355 ||   667
Evoke: Wand              |       |       |     1 ||     1
  Use: Scroll            |     1 |    14 |     5 ||    20
       Potion            |       |     4 |     6 ||    10
 Stab: Distracted        |       |       |     3 ||     3
Armor: Scale mail        |    66 |    12 |       ||    78
       Ring mail         |       |    96 |   238 ||   334
Dodge: Dodged            |    69 |   111 |   212 ||   392
Block: Buckler           |    16 |    45 |   135 ||   196

Table legend: (Time is in decaauts)
 A = Elapsed time spent in this place.
 B = Non-inter-level travel time spent in this place.
 C = Inter-level travel time spent in this place.
 D = Time resting spent in this place.
 E = Time spent auto-exploring this place.
 F = Levels seen in this place.
 G = Mean time per level.
                   A        B        C        D        E       F      G
               +--------+--------+--------+--------+--------+-----+--------+
         Total |  10455 |  10062 |    393 |   2393 |   5549 |  11 |  950.5 |
       Dungeon |   9906 |   9599 |    307 |   2393 |   5248 |   8 | 1238.2 |
        Temple |    159 |     73 |     86 |      0 |     63 |   1 |  159.0 |
       Ossuary |    280 |    280 |      0 |      0 |    184 |   1 |  280.0 |
        Bailey |    109 |    109 |      0 |      0 |     54 |   1 |  109.0 |
               +--------+--------+--------+--------+--------+-----+--------+

Top non-repeatable levels by time:
     D:4: 2296 daAuts
     D:5: 1817 daAuts
     D:6: 1737 daAuts
     D:2: 1244 daAuts
     D:3: 940 daAuts
     D:1: 934 daAuts
     D:7: 873 daAuts
 Ossuary: 280 daAuts
  Temple: 159 daAuts
  Bailey: 109 daAuts
     D:8: 62 daAuts
